 Dungeon Crawl Stone Soup version 0.27.1-33-g824d729ab1 (webtiles) character file.

Game seed: 8713111165588490876

158 alasdair19 the Shield-Bearer (level 5, -2/47 HPs)
             Began as a Minotaur Fighter on Dec 7, 2021.
             Slain by Harold (7 damage)
             ... on level 7 of the Dungeon.
             The game lasted 00:05:07 (3633 turns).

alasdair19 the Shield-Bearer (Minotaur Fighter)     Turns: 3633, Time: 00:05:07

Health: -2/47      AC: 13    Str: 20    XL:     5   Next: 16%
Magic:  4/4        EV:  8    Int:  6    God:
Gold:   13         SH:  9    Dex: 10    Spells: 4/4 levels left

rFire    + . .     SeeInvis .   a - +0 long sword
rCold    . . .     Faith    .   c - +0 kite shield
rNeg     . . .     Spirit   .   o - +0 plate armour
rPois    .         Reflect  .   (helmet restricted)
rElec    .         Harm     .   (no cloak)
rCorr    .         Rampage  .   (no gloves)
Will     .....                  e - +0 pair of boots
Stlth    ..........             (no amulet)
HPRegen  0.15/turn              i - ring of protection from fire
MPRegen  0.09/turn              j - +4 ring of evasion

@: mighty, marked
A: horns 2, retaliatory headbutt
a: no special abilities


You were on level 7 of the Dungeon.
You visited 1 branch of the dungeon, and saw 5 of its levels.

You collected 91 gold pieces.
You spent 78 gold pieces at shops.

Inventory:

Hand Weapons
 a - a +0 long sword (weapon)
Armour
 c - a +0 kite shield (worn)
 e - a +0 pair of boots (worn)
 o - a +0 plate armour (worn)
Jewellery
 i - a ring of protection from fire (left hand)
 j - a +4 ring of evasion (right hand)
Scrolls
 b - a scroll of identify
 k - a scroll of enchant weapon {unknown}
 n - a scroll of teleportation {unknown}
Potions
 f - a potion of mutation
 g - 2 potions of brilliance
 h - a potion of haste
 l - a potion of flight {unknown}
 m - 2 potions of heal wounds {unknown}


   Skills:
 + Level 4.3 Fighting
 + Level 3.7 Long Blades
 + Level 4.8 Armour
 + Level 0.8 Dodging
 + Level 0.1 Stealth
 + Level 4.8 Shields


You had 4 spell levels left.
You didn't know any spells.
Your spell library contained the following spells:

 Spells                   Type           Power      Damage    Failure   Level
 Freeze                   Ice            0%         1d3       100%        1
 Magic Dart               Conj           0%         1d3       100%        1
 Pain                     Necr           0%         1d4       100%        1
 Searing Ray              Conj           0%         3d3       100%        2
 Call Canine Familiar     Summ           0%         N/A       100%        3
 Frozen Ramparts          Ice            0%         1d2       100%        3
 Portal Projectile        Hex/Tloc       0%         N/A       100%        3
 Fulminant Prism          Conj/Hex       0%         3d6       100%        4
 Hailstorm                Conj/Ice       0%         3d3       100%        4
 Leda's Liquefaction      Hex/Erth       0%         N/A       100%        4
 Agony                    Necr           0%         N/A       100%        5
 Excruciating Wounds      Necr           0%         N/A       100%        5


Dungeon Overview and Level Annotations

Branches:
Dungeon (4/15)
 Temple: D:4-7

Altars:
Beogh

Shops:
D:2 *

Annotations:
D:3 3 runed translucent doors, zurenarrh's ghost, amateur OgHu
D:7 Harold


Innate Abilities, Weirdness & Mutations

You have a pair of horns on your head.
You reflexively headbutt those who attack you in melee.


Message History

The adder skeleton bites you but does no damage.
The adder skeleton barely misses you. You furiously retaliate!
You headbutt the adder skeleton!
You destroy the adder skeleton!
There is an open door here.
As you open the door, it creaks loudly!
There is an open door here.
You fall into a shaft and drop 3 floors!
The shaft crumbles and collapses.
You open the door.
There is an open door here.
Harold the Weathered comes into view.
He is wielding a +0 trident.
Harold shouts!
Harold moves out of view.
Found a stone staircase leading down.
You feel very mighty all of a sudden. Harold hits you with a +0 trident.
You slash Harold!
Harold is lightly wounded.
Harold hits you with a +0 trident! Harold hits you but does no damage.
You slash Harold!
Harold is moderately wounded.
Harold hits you but does no damage.
You hit Harold.
Harold is moderately wounded.
Harold hits you with a +0 trident! x2
* * * LOW HITPOINT WARNING * * *
You hit Harold but do no damage. You headbutt Harold.
Harold is moderately wounded.
Harold says, "Bounty hunting has been great, but I can't wait to retire."
Harold hits you with a +0 trident!
* * * LOW HITPOINT WARNING * * *
You hit Harold but do no damage.
Harold is moderately wounded.
Harold casts a spell at you. A sentinel's mark forms upon you.
You hit Harold.
Harold is moderately wounded.
Harold hits you with a +0 trident!
You die...

#.....###
.......#
.....>#
.....# ....#
...#####
#@.....#
#@.....+
#......#
+...#......#
#...#......#
#...##'#####
#...##....#
##...##....#
#..........#
#..........#


You could see Harold.

Vanquished Creatures
  A scorpion (D:4)
  2 adders (D:2)
  An adder skeleton (D:4)
  A worm (D:2)
  A dart slug (D:4)
  An orc (D:3)
  5 bats
  4 endoplasms
  5 giant cockroaches
  6 goblins
  6 hobgoblins
  5 jackals (D:2)
  4 kobolds
  5 quokkas
  7 ball pythons
  2 frilled lizards
  A quokka skeleton (D:4)
  4 rats
61 creatures vanquished.

Notes
Turn   | Place    | Note
-------+----------+-------------------------------------------
     0 | D:1      | alasdair19 the Minotaur Fighter began the quest for the
                  | Orb.
     0 | D:1      | Reached XP level 1. HP: 19/19 MP: 0/0
    91 | D:1      | You fall into a shaft and drop 1 floor!
   213 | D:1      | Reached XP level 2. HP: 26/27 MP: 1/1
   850 | D:1      | Found a faded altar of an unknown god.
  1009 | D:1      | Reached XP level 3. HP: 33/33 MP: 2/2
  1622 | D:2      | Found Qiuts's General Store.
  1631 | D:2      | Bought a scroll of identify for 24 gold pieces
  1786 | D:2      | Reached XP level 4. HP: 27/40 MP: 3/3
  2470 | D:2      | Bought a +0 pair of boots for 54 gold pieces
  2796 | D:3      | Found a runed translucent gate.
  2797 | D:3      | Found a runed translucent gate.
  2797 | D:3      | Noticed zurenarrh's ghost (amateur OgHu)
  2798 | D:3      | Found a runed translucent gate.
  2799 | D:3      | Identified the +9 whip of Atuorr {freeze, *Slow +Rage rC++}
  3220 | D:4      | Noticed a scorpion
  3230 | D:4      | Killed a scorpion
  3231 | D:4      | Reached XP level 5. HP: 27/47 MP: 4/4
  3611 | D:4      | You fall into a shaft and drop 3 floors!
  3623 | D:7      | Noticed Harold
  3633 | D:7      | Slain by Harold

Illustrated notes

Levels and vault maps discovered:
D:1:      wheals_arrival_shading, layout_basic,
          ebering_ecumenical_altar_sacrificial
D:2:      layout_basic, serial_shops, nicolae_lakefront_shop,
          minmay_pentomino_pile
D:3:      layout_basic, biasface_ghost_orc_armoury, hex_medium,
          kennysheep_generic_room_13
D:4:      layout_basic
D:7:      layout_gridville, chequers_decorated_corner, minmay_lizard_king,
          uniq_harold

Skill      XL: |  1  2  3 |
---------------+----------+-----
Fighting       | 4 |  4.3
Shields        | 4 |  4.8
Armour         | 4 |  4.8
Long Blades    | 3 |  3.7
Dodging        | |  0.8
Stealth        | |  0.1

Action                   |  1- 3 |  4- 6 || total
-------------------------+-------+-------++-------
Melee: Long sword        |    79 |    43 ||   122
       Headbutt          |    11 |     7 ||    18
  Use: Scroll            |     4 |       ||     4
       Potion            |       |     1 ||     1
Armor: Scale mail        |    31 |     1 ||    32
       Plate armour      |       |    17 ||    17
Dodge: Dodged            |    28 |    13 ||    41
Block: Kite shield       |    47 |    19 ||    66
       Rpst.: Long sword |     5 |     2 ||     7
